 Dungeon Crawl Stone Soup version 0.26-b1-32-g5d43845318 (webtiles) character file.

Game seed: 8378408658921773878

2792 MajorAdolf the Skirmisher (level 9, -1/82 HPs)
             Began as a Naga Wanderer on Jan 9, 2021.
             Was an Initiate of Gozag.
             Slain by a killer bee (7 damage)
             ... on level 8 of the Dungeon.
             The game lasted 00:20:12 (15618 turns).

MajorAdolf the Skirmisher (Naga Wanderer)          Turns: 15618, Time: 00:20:13

Health: -1/82      AC: 10    Str: 16    XL:     9   Next: 71%
Magic:  12/12      EV:  6    Int: 16    God:    Gozag
Gold:   660        SH:  0    Dex:  9    Spells: 12/12 levels left

rFire    + + .     SeeInvis +   u - +3 battleaxe (curse)
rCold    . . .     Faith    .   (shield currently unavailable)
rNeg     . . .     Spirit   .   c - +0 chain mail "Hysar" {rPois rF++} (curse)
rPois    +         Reflect  .   h - +2 hat
rElec    .         Harm     .   (no cloak)
rCorr    .         Rampage  .   (no gloves)
Will     +....                  (no barding)
Stlth    ..........             (no amulet)
HPRegen  0.23/turn              (no ring)
MPRegen  0.13/turn              (no ring)

@: short of breath, gold aura, very slow
A: large, see invisible, deformed body, poison resistance, slowness 2, spit
poison 1, AC +3
a: Spit Poison, Renounce Religion, Potion Petition, Call Merchant, Bribe Branch


You were on level 8 of the Dungeon.
You worshipped Gozag.
Gozag was pleased with you.
You visited 2 branches of the dungeon, and saw 9 of its levels.

You collected 967 gold pieces.
You spent 224 gold pieces at shops.
You paid 83 gold pieces to Gozag.

Inventory:

Hand Weapons
 j - a +1 hand axe
 u - a cursed +3 battleaxe (weapon)
Armour
 a - a +0 chain mail
 c - the cursed +0 chain mail "Hysar" (worn) {rPois rF++}
   (You found it on level 6 of the Dungeon)

   It greatly protects you from fire.
   It protects you from poison.
   It has a curse placed upon it.
 e - a +2 leather armour of poison resistance
 h - a +2 hat (worn)
Jewellery
 b - an uncursed amulet of guardian spirit
 n - an uncursed ring of fire {unknown}
Wands
 k - a wand of polymorph (7)
 l - a wand of digging (4)
 r - a wand of flame (17)
Scrolls
 d - 5 scrolls of identify
 o - 2 scrolls of remove curse
 q - a scroll of magic mapping {unknown}
 s - a scroll of random uselessness {unknown}
 t - a scroll of fear {unknown}
 v - a scroll of amnesia
Potions
 f - 3 potions of might
 g - a potion of curing
 i - 4 potions of flight
 m - a potion of berserk rage
 p - a potion of mutation {unknown}
 w - 3 potions of heal wounds
 x - a potion of experience {unknown}


   Skills:
 + Level 6.2 Fighting
 + Level 5.6 Axes
 + Level 5.1 Armour
 + Level 5.1 Dodging
 - Level 1.5 Stealth
 - Level 2.0 Spellcasting
 - Level 3.0 Hexes
 - Level 1.0 Translocations
 - Level 1.0 Air Magic
 - Level 1.3 Poison Magic
 + Level 3.8 Evocations


You had 12 spell levels left.
You didn't know any spells.
Your spell library contained the following spells:

 Spells                   Type           Power        Failure   Level
 Corona                   Hex            12%          65%         1
 Ensorcelled Hibernation  Hex/Ice        12%          94%         2
 Confusing Touch          Hex            11%          95%         3
 Tukima's Dance           Hex            11%          95%         3
 Sandblast                Erth           2%           97%         1
 Dazzling Flash           Conj/Hex       12%          99%         3
 Stone Arrow              Conj/Erth      2%           100%        3


Dungeon Overview and Level Annotations

Branches:
Dungeon (8/15)             Temple (1/1) D:5
   Lair: D:8-11

Altars:
Ashenzari
Cheibriados
Dithmenos
Elyvilon
Fedhas
Gozag
Hepliaklqana
Kikubaaqudgha
Makhleb
Nemelex Xobeh
Okawaru
Qazlal
Ru
Sif Muna
Trog
Uskayaw
Vehumet
Wu Jian
Xom
Yredelemnul
Zin
The Shining One

Shops:
D:4 *   D:7 !

Annotations:
D:4 1 runed translucent door, Crazy Yiuf


Innate Abilities, Weirdness & Mutations

You cannot wear boots.
Your serpentine skin is tough. (AC +3)
You have supernaturally acute eyesight. (SInv)
Armour fits poorly on your strangely shaped body.
Your system is resistant to poisons. (rPois)
You cover ground very slowly.
You can spit poison.


Message History

The killer bee stings you but does no damage.
Unknown command.
Press: ? - help, Shift-Dir - straight line, f/p - killer bee
Aim: a killer bee The splash of poison hits the killer bee!
The killer bee is poisoned.
The killer bee is almost dead.
You kill the killer bee!
The killer bee stings you but does no damage.
You closely miss the killer bee.
The killer bee is severely wounded.
The killer bee stings you.
* * * LOW HITPOINT WARNING * * *
The killer bee stings you but does no damage.
The killer bee barely misses you.
You closely miss the killer bee.
The killer bee is severely wounded.
The killer bee stings you!
You die...
Your body crumbles into a pile of gold.

##+######.#
#...[.....#
#...>.....#
#...y.....#
..........#
...####$#.#
#.#.# #y#.#
#@#.# #.#.#
#.#.# #.#.# #.#
#.#############
#.#...........#
#.#.#########.#
#.#.#########.#


You could see a killer bee.

Vanquished Creatures
  A swamp worm (D:7)
  An ice beast (D:7)
  A black bear (D:6)
  An eye of draining (D:4)
  2 ogres
  A centaur (D:7)
  2 bullfrogs
  3 scorpions
  3 killer bees (D:8)
  5 wights (D:6)
  2 howler monkeys
  A bullfrog zombie (D:5)
  A crimson imp (D:7)
  A hound (D:4)
  4 orc priests
  7 jellies
  10 orc wizards
  A bullfrog skeleton (D:6)
  2 iguanas
  9 worker ants
  A hound zombie (D:7)
  A howler monkey skeleton (D:8)
  10 gnolls
  13 adders
  A white imp (D:7)
  An ufetubus (D:6)
  2 oozes
  2 worms (D:2)
  9 dart slugs
  5 leopard geckos
  50 orcs
  10 bats
  5 giant cockroaches
  9 goblins
  6 hobgoblins
  15 jackals
  7 kobolds
  3 quokkas (D:6)
  A ball python (D:6)
  10 frilled lizards
  A leopard gecko zombie (D:6)
  5 rats
225 creatures vanquished.

Vanquished Creatures (others)
  4 plants (D:7)
4 creatures vanquished.

Grand Total: 229 creatures vanquished

Notes
Turn   | Place    | Note
-------+----------+-------------------------------------------
     0 | D:1      | MajorAdolf the Naga Wanderer began the quest for the Orb.
     0 | D:1      | MajorAdolf set off with the following items: a +0 club, a
                  | potion of lignification, a +0 robe; and the following
                  | spells available to memorise: Corona, Ensorcelled
                  | Hibernation, Confusing Touch, Tukima's Dance, Sandblast,
                  | Dazzling Flash, Stone Arrow
     0 | D:1      | Reached XP level 1. HP: 15/15 MP: 3/3
   638 | D:1      | Reached XP level 2. HP: 24/24 MP: 5/5
   948 | D:1      | Reached skill level 1 in Fighting
  1239 | D:1      | Reached skill level 1 in Armour
  1388 | D:1      | Reached skill level 1 in Dodging
  1502 | D:1      | Reached XP level 3. HP: 31/31 MP: 6/6
  2522 | D:2      | Reached XP level 4. HP: 39/39 MP: 7/7
  2777 | D:2      | Reached skill level 2 in Fighting
  3771 | D:2      | Reached XP level 5. HP: 44/45 MP: 8/8
  5340 | D:3      | Reached skill level 1 in Axes
  5685 | D:3      | Reached XP level 6. HP: 33/55 MP: 9/9
  6223 | D:3      | Reached skill level 3 in Fighting
  6474 | D:3      | Found a snail-covered altar of Cheibriados.
  6474 | D:3      | Found a hide-covered altar of Uskayaw.
  6597 | D:3      | Found a glowing golden altar of the Shining One.
  6665 | D:4      | Found Hutycrise's General Store.
  7618 | D:4      | Found a radiant altar of Vehumet.
  7749 | D:4      | Reached XP level 7. HP: 62/62 MP: 10/10
  8440 | D:4      | Found a runed translucent door.
  8441 | D:4      | Noticed Crazy Yiuf
  8743 | D:4      | Found a bloodstained altar of Trog.
  8774 | D:4      | Reached skill level 4 in Fighting
  9449 | D:5      | Entered Level 5 of the Dungeon
  9755 | D:5      | Found a basalt altar of Yredelemnul.
  9814 | D:5      | Reached XP level 8. HP: 25/73 MP: 11/11
 10030 | D:5      | Found a staircase to the Ecumenical Temple.
 10761 | Temple   | Entered the Ecumenical Temple
 10862 | Temple   | Became a worshipper of Gozag Ym Sagoz the Greedy
 10936 | D:4      | Bought a scroll of teleportation for 42 gold pieces
 10936 | D:4      | Bought a potion of berserk rage for 70 gold pieces
 10936 | D:4      | Bought a potion of flight for 42 gold pieces
 11362 | D:6      | Found an iron altar of Okawaru.
 11430 | D:6      | Reached skill level 5 in Fighting
 12914 | D:6      | Reached XP level 9. HP: 78/81 MP: 12/12
 13234 | D:6      | Got a pitted chain mail
 13245 | D:6      | Identified the cursed +0 chain mail "Hysar" {rPois rF++}
                  | (You found it on level 6 of the Dungeon)
 13470 | D:7      | Found Zabumiyrph's Distillery.
 13480 | D:7      | Bought a potion of heal wounds for 70 gold pieces
 13659 | D:7      | Found a burning altar of Makhleb.
 13666 | D:7      | Reached skill level 5 in Axes
 14697 | D:7      | Reached skill level 6 in Fighting
 15005 | D:7      | Reached skill level 5 in Armour
 15019 | D:7      | HP: 4/123 [swamp worm (8)]
 15023 | D:7      | Reached skill level 5 in Dodging
 15618 | D:8      | Slain by a killer bee

Illustrated notes

Levels and vault maps discovered:
D:1:      dpeg_arrival_rhombus, layout_loops_corners, dk_noncrumbling_3
D:2:      layout_basic
D:3:      layout_basic, chequers_temple_overflow_statue_of_worship,
          marbit_many_paths
D:4:      layout_layer_cave, trog_eyes_of_draining, overflow_temple_1_default,
          serial_shops, shop, uniq_crazy_yiuf_cottage
D:5:      layout_loops_cross, minmay_temple_entry_mini_moons,
          chequers_ossuary_entry_cave, minmay_large_rounded_square,
          hangedman_glass_teeth, lemuel_statue_altar
D:6:      layout_loops_ring, okawaru_gym_becter, nicolae_underground_beach
D:7:      layout_basic, makhleb_grotto_becter, serial_shops, shop, worms_lemuel
D:8:      layout_basic, minmay_misc_feat_pillars
Temple:   regret_index_temple_waves

Skill      XL: |  1  2  3  4  5  6  7  8  9 |
---------------+----------------------------+-----
Fighting       | 1 2 3 4 5 6 |  6.2
Armour         | 1 2 3 4 5 |  5.1
Dodging        | 1 2 3 4 5 |  5.1
Axes           | 1 2 3 4 5 |  5.6
Evocations     | 2 3 |  3.8
Stealth        | |  1.5
Spellcasting   | |  2.0
Hexes          | |  3.0
Translocations | |  1.0
Air Magic      | |  1.0
Poison Magic   | |  1.3

Action                   |  1- 3 |  4- 6 |  7- 9 || total
-------------------------+-------+-------+-------++-------
Melee: Unarmed           |    25 |       |       ||    25
       Dagger            |    85 |   102 |       ||   187
       Hand axe          |       |   222 |   318 ||   540
       Battleaxe         |       |       |   231 ||   231
 Abil: Spit Poison       |    34 |    52 |    27 ||   113
  Use: Scroll            |       |     3 |     6 ||     9
       Potion            |       |     1 |     7 ||     8
 Stab: Sleeping          |     1 |       |       ||     1
       Distracted        |       |       |     2 ||     2
Armor: Robe              |    25 |    40 |       ||    65
       Leather armour    |       |    58 |   165 ||   223
       Skin              |       |    36 |    12 ||    48
       Chain mail        |       |       |   119 ||   119
Dodge: Dodged            |    60 |   210 |   275 ||   545
